Map: Lost and Found LE

Players

BichoPirulet - Winner!

  • Race: Terran Terran
  • League: Diamond
  • Spawn Location: 1:00

Marzbar

  • Race: Zerg Zerg
  • League: Diamond
  • Spawn Location: 7:00

VOD

Have the link to the VOD?

Description

Time

  • Played on: June 16, 2018, 9:01 p.m.
  • Length: 29:13
Show
View Real Time Build Order
Export as new Build Order

BichoPirulet Terran - Winner!

Build Orders: Reaper Expand, Bio Tank 

Get SALT Encoding   

  12  0:00  SCV  
  13  0:16  Supply Depot  
  13  0:22  SCV  
  14  0:34  SCV  
  15  0:40  Barracks  
  15  0:45  Refinery  
  15  0:46  SCV  
  16  0:58  SCV  
  17  1:10  SCV  
  18  1:22  SCV  
  19  1:29  Reaper  
  20  1:35  Orbital Command  
  20  1:43  Command Center  
  20  1:59  Supply Depot  
  20  2:04  SCV  
  21  2:08  Marine  
  21  2:11  Factory  
  22  2:16  SCV  
  22  2:19  Refinery  
  23  2:28  SCV  
  25  2:44  SCV  
  25  2:46  Barracks Reactor  
  25  2:59  Starport  
  25  3:00  SCV  
  25  3:01  Orbital Command  
  25  3:12  SCV  
  26  3:24  SCV  
  27  3:27  SCV  
  27  3:28  Barracks Tech Lab  
  27  3:29  Hellion  
  27  3:30  Hellion  
  32  3:35  Viking  
  32  3:39  SCV  
  35  3:47  Supply Depot  
  34  3:57  Hellion  
  34  3:58  Hellion, Marine, Stimpack  
  34  4:02  Supply Depot  
  39  4:04  SCV x2  
  39  4:06  Supply Depot  
  39  4:08  Starport Reactor  
  41  4:16  SCV x2  
  43  4:19  Barracks  
  43  4:24  Barracks  
  43  4:28  SCV x2  
  45  4:32  Factory Tech Lab  
  45  4:36  Supply Depot  
  45  4:40  SCV x2  
  45  4:42  Supply Depot  
  47  4:52  SCV  
  44  5:03  Siege Tank  
  44  5:04  Marine  
  44  5:14  Marine x4  
  48  5:22  SCV x2  
  48  5:23  Supply Depot  
  50  5:30  Command Center  
  50  5:31  Engineering Bay  
  50  5:34  Engineering Bay, SCV x2  
  50  5:35  Refinery x2  
  52  5:37  Marine x2  
  52  5:38  Marauder, Marine  
  52  5:39  Marine, Siege Tank  
  61  5:47  SCV x2  
  63  5:54  Starport Reactor  
  63  5:59  SCV  
  63  6:00  SCV  
  65  6:06  Marine x4  
  65  6:07  Marauder  
  71  6:11  Combat Shields  
  71  6:19  SCV x2  
  71  6:24  Siege Tank  
  76  6:27  Terran Infantry Weapons Level 1, Terran Infantry Armor Level 1  
  76  6:31  SCV x2  
  78  6:39  Supply Depot  
  78  6:41  Marine x3  
  78  6:42  Marauder, Supply Depot  
  83  6:49  Marine  
  84  6:57  Medivac x2  
  84  6:58  Siege Tank  
  84  6:59  Marine x2, SCV x2  
  95  7:14  Planetary Fortress  
  95  7:17  SCV x2  
  95  7:18  Marine x3  
  95  7:19  Marauder  
  102  7:25  Supply Depot  
  102  7:27  Supply Depot  
  102  7:29  Medivac x2  
  106  7:32  Barracks  
  106  7:34  Barracks x2  
  106  7:35  SCV x2  
  108  7:42  Marine  
  108  7:43  Marine x2  
  116  7:44  Marauder, Siege Tank  
  116  7:47  SCV, Supply Depot  
  117  7:52  Supply Depot  
  113  8:03  Marine x2  
  113  8:05  Marine x3  
  110  8:06  Medivac x2  
  114  8:20  Siege Tank  
  114  8:21  Marine x2, SCV x3  
  114  8:22  Marine  
  114  8:23  Marine  
  120  8:33  SCV x3  
  118  8:36  Marine  
  118  8:38  Medivac x2  
  118  8:39  Marine x2  
  118  8:40  Marine  
  126  8:45  Marine, SCV  
  126  8:54  Marine  
  119  8:56  Marine x4  
  115  9:03  Marine x3  
  106  9:12  Marine  
  106  9:14  Liberator x2  
  106  9:16  Barracks Tech Lab, Barracks Reactor, Refinery x2  
  106  9:17  Barracks Reactor  
  102  9:18  Supply Depot  
  102  9:20  Supply Depot  
  102  9:23  Siege Tank  
  102  9:24  SCV x2, Armory  
  107  9:31  Marine x2  
  107  9:32  Marine x2  
  107  9:37  Concussive Shells  
  117  9:43  Command Center  
  116  10:00  Marine x4  
  116  10:01  Marine x3  
  116  10:03  Marine x3  
  116  10:06  Supply Depot  
  126  10:08  Supply Depot  
  126  10:10  Terran Infantry Weapons Level 2  
  126  10:11  Terran Infantry Armor Level 2  
  126  10:18  Marine x4  
  126  10:19  Siege Tank  
  133  10:36  Marine  
  133  10:37  Marine x6  
  136  10:53  Marine x2  
  102  11:18  Marine x3  
  95  11:19  Marine x7  
  94  11:36  Marine x7  
  94  11:37  Marine x3  
  103  11:42  Planetary Fortress  
  103  11:48  Terran Vehicle Weapons Level 1  
  103  11:53  Marine, Starport  
  103  11:54  Marine x9, Factory  
  105  11:56  Medivac x2  
  117  12:11  Marine x2  
  117  12:12  Marine x8  
  127  12:16  SCV x2  
  129  12:26  Medivac x2  
  129  12:29  Marine x3  
  135  12:30  Marine  
  135  12:32  Marine x3  
  135  12:33  Marine x2, Siege Tank  
  135  12:35  Starport Reactor  
  124  12:59  Marine x4  
  124  13:00  Marauder, Marine  
  124  13:01  Marauder, Factory Tech Lab  
  124  13:02  Medivac x2  
  137  13:08  Marine x3  
  140  13:22  Marauder  
  140  13:25  Marine x4  
  140  13:26  Marine x2  
  140  13:27  Siege Tank x2, Medivac x2  
  154  13:28  Marine x2  
  154  13:29  Terran Infantry Armor Level 3, Terran Infantry Weapons Level 3  
  130  14:16  Marine x3  
  130  14:17  Marine x4  
  137  14:27  Marine x3  
  137  14:28  Siege Tank x2  
  146  14:34  Marine x5  
  146  14:36  Medivac x2  
  155  14:43  Ghost Academy  
  155  14:45  Marauder  
  139  15:00  Siege Tank  
  139  15:05  Liberator x2  
  119  15:11  Marine x4  
  119  15:12  Marine x6  
  119  15:13  Siege Tank  
  121  15:25  Liberator x2  
  127  15:29  Marine x5  
  127  15:31  Marine x5, Refinery  
  127  15:32  Siege Tank, Refinery  
  127  15:33  Personal Cloaking  
  143  15:46  Marine, Terran Vehicle Weapons Level 2  
  143  15:47  Marine x4  
  151  15:55  Marine  
  151  15:56  Marine x4  
  156  16:04  Marine x2  
  156  16:05  Barracks, Marine  
  156  16:07  Barracks  
  159  16:14  Marauder x2, Command Center  
  161  16:35  Viking x4  
  152  16:56  Barracks  
  138  17:03  Marine  
  138  17:04  Marine x9  
  138  17:05  Siege Tank x2, Medivac  
  138  17:06  Medivac x2  
  148  17:21  Marine  
  148  17:22  Marine x5  
  128  17:40  Marine  
  128  17:41  Marine x9  
  128  17:43  Siege Tank x2  
  139  17:50  Planetary Fortress  
  139  17:58  Marine  
  139  17:59  Marine x4  
  139  18:00  Barracks Reactor  
  139  18:01  Barracks Tech Lab  
  139  18:04  Marine  
  139  18:05  Marine x4  
  149  18:08  Medivac x2, Viking x2  
  157  18:16  Marine  
  157  18:17  Marine x4, Barracks Tech Lab  
  159  18:22  Marine  
  159  18:23  Marine x4  
  159  18:24  Siege Tank x2  
  167  18:36  Marine x6  
  167  18:38  Marauder  
  167  18:40  Marine  
  167  18:41  Marine x3  
  172  19:17  Marine x9  
  171  19:18  Marine x4  
  171  19:21  Marine  
  171  19:22  Viking x2  
  189  19:34  Marine  
  178  19:53  Marine x4  
  152  20:22  Marine x2  
  152  20:23  Marine x10  
  152  20:25  Viking x2  
  152  20:26  Siege Tank x2  
  174  20:33  Marine x2  
  176  20:40  Marine  
  165  20:57  Marine x3  
  165  20:59  Siege Tank x2  
  165  21:01  Refinery  
  165  21:02  Refinery  
  159  21:24  Marine x4  
  159  21:25  Marine x7  
  142  21:31  Marine  
  142  21:32  Marine x2  
  119  21:33  Medivac x2  
  117  21:42  Ghost, Marine x6, Siege Tank x2  
  131  22:00  Marine  
  131  22:01  Marine x12  
  144  22:11  Marine  
  145  22:16  Siege Tank x2  
  145  22:17  Viking x2  
  145  22:18  Marine x4, Viking x2  
  145  22:19  Marine x2  
  145  22:21  Terran Ship Weapons Level 1  
  165  22:30  Marine x5  
  170  22:42  Marine x9  
  179  22:44  Orbital Command  
  179  22:48  Siege Tank x2  
  157  22:59  Marine  
  157  23:00  Marine x10  
  138  23:12  Marine  
  133  23:13  Marine x2  
  133  23:15  Viking x2  
  133  23:16  Viking x2  
  133  23:17  Marine  
  133  23:18  Marine x3  
  133  23:19  Marine x6  
  151  23:42  Marine  
  151  23:43  Marine x8  
  151  23:47  Marine x5  
  164  24:00  Marine x2  
  166  24:10  Orbital Command  
  128  24:30  Marine  
  128  24:31  Marine x13  
  139  24:48  Marine  
  139  24:49  Marine x5  
  147  24:56  Marine  
  147  24:57  Marine x2  
  149  25:00  Marine  
  149  25:01  Marine x2  
  149  25:02  Marine, Medivac x2, Siege Tank  
  149  25:06  Marine  
  139  25:19  Marine x3  
  139  25:20  Medivac x2  
  136  25:22  Barracks Reactor x2  
  136  25:23  Barracks Reactor x2  
  136  25:30  Marine, Refinery  
  136  25:31  Marine x3  
  136  25:32  Refinery  
  136  25:35  Hellion  
  142  25:36  Siege Tank  
  142  25:37  Marine x3  
  148  25:48  Marine  
  148  25:49  Marine  
  150  25:52  Factory  
  150  25:53  Factory  
  150  25:56  Factory  
  148  26:05  Liberator x2, Marine  
  148  26:06  Marine x6  
  148  26:07  Siege Tank  
  148  26:08  Siege Tank  
  148  26:10  Marine  
  148  26:11  Marine x3  
  164  26:15  Marine  
  164  26:17  Marine x3  
  169  26:23  Marine x3  
  169  26:24  Marine x2  
  116  26:41  Marine  
  116  26:42  Marine x3  
  116  26:44  Marine x7  
  116  26:45  Siege Tank x2  
  117  26:54  Marine x3, Refinery  
  118  26:55  Refinery  
  118  26:56  Marauder  
  122  27:04  Marine x5  
  122  27:05  Marine x2  
  119  27:56  Marine  
  106  28:08  Marine  
  106  28:09  Marine x13  
  106  28:10  Medivac x2  
  121  28:14  Marine  
  122  28:26  Marine  
  123  28:27  Marine x4  
  127  28:36  Marine  
  127  28:37  Marine x8  
Show
View Real Time Build Order
Export as new Build Order

Marzbar Zerg 

Build Orders: Hatch First 

Get SALT Encoding   

  12  0:01  Drone  
  13  0:13  Overlord  
  13  0:18  Drone  
  14  0:31  Drone x2  
  14  0:35  Drone  
  17  0:52  Hatchery  
  17  0:57  Drone  
  17  0:59  Drone  
  17  1:02  Extractor  
  17  1:15  Spawning Pool  
  17  1:17  Drone  
  17  1:40  Drone  
  17  1:41  Overlord, Drone  
  19  1:51  Drone  
  20  2:03  Queen  
  20  2:04  Queen  
  20  2:05  Zergling x4  
  26  2:12  Metabolic Boost  
  26  2:15  Drone  
  27  2:20  Drone  
  28  2:28  Drone x2  
  29  2:42  Hatchery  
  28  2:48  Queen  
  30  2:59  Drone x2  
  30  3:00  Overlord  
  30  3:02  Drone  
  33  3:14  Overlord  
  33  3:15  Drone x3  
  33  3:18  Drone  
  38  3:20  Drone  
  38  3:22  Drone  
  39  3:32  Drone  
  39  3:33  Drone x4  
  44  3:35  Drone  
  45  3:44  Overlord  
  45  3:46  Baneling Nest  
  44  3:49  Drone x3  
  44  3:50  Drone  
  44  3:52  Drone  
  48  4:00  Zergling x4  
  48  4:01  Queen  
  52  4:06  Extractor, Drone  
  52  4:07  Drone x2  
  54  4:10  Drone  
  54  4:12  Drone  
  56  4:21  Drone  
  56  4:23  Drone  
  56  4:24  Drone x5  
  63  4:32  Baneling x4  
  63  4:34  Zergling x6  
  63  4:36  Overlord x2  
  62  5:10  Drone  
  62  5:11  Overlord, Drone x5  
  62  5:12  Zergling x2, Overlord  
  62  5:13  Zergling x12  
  74  5:19  Lair  
  74  5:25  Evolution Chamber  
  74  5:26  Extractor  
  72  5:31  Zergling x2  
  72  5:32  Zergling x4  
  72  5:34  Evolution Chamber  
  72  5:35  Baneling x4  
  74  5:36  Baneling  
  74  5:45  Hatchery, Overlord, Drone x4  
  74  5:46  Zergling x2, Overlord x2  
  74  5:47  Zergling x8  
  82  5:50  Spore Crawler  
  82  5:52  Spore Crawler  
  82  5:54  Spore Crawler  
  82  5:56  Zerg Ground Armor Level 1  
  79  6:07  Zergling x2  
  79  6:08  Zergling x10  
  84  6:13  Zerg Melee Weapons Level 1  
  84  6:14  Drone x2  
  84  6:15  Drone x2  
  84  6:16  Drone x3  
  84  6:17  Overlord  
  84  6:18  Zergling x6  
  94  6:28  Centrifical Hooks  
  94  6:32  Hydralisk Den  
  93  6:35  Extractor  
  93  6:37  Extractor x2, Overlord  
  93  6:38  Zergling x2, Overlord  
  93  6:39  Zergling x6  
  94  6:57  Hatchery, Baneling  
  94  6:58  Baneling x3  
  93  7:02  Hydralisk x4  
  93  7:07  Queen  
  100  7:12  Drone x2  
  100  7:13  Drone x3  
  100  7:14  Drone x3  
  108  7:17  Drone x3  
  108  7:18  Drone x5  
  116  7:35  Hydralisk  
  116  7:36  Hydralisk x6  
  130  7:43  Drone x5  
  114  8:02  Hydralisk x5  
  114  8:03  Hydralisk x3  
  114  8:04  Zergling x2  
  114  8:05  Zergling x4  
  127  8:12  Hydralisk  
  123  8:13  Hydralisk x3  
  123  8:17  Zergling x2  
  123  8:18  Zergling x12  
  134  8:28  Hydralisk  
  134  8:29  Hydralisk x4  
  133  8:37  Baneling  
  133  8:38  Baneling x5  
  133  8:39  Zergling x8  
  133  8:40  Zergling x8  
  141  8:42  Overlord x2  
  109  9:04  Hydralisk x8  
  109  9:05  Hydralisk  
  109  9:06  Zergling x12  
  122  9:14  Zergling x10  
  125  9:17  Zerg Missile Weapons Level 1  
  125  9:19  Queen x2  
  125  9:22  Drone  
  125  9:23  Queen, Drone  
  133  9:45  Hydralisk, Baneling x3  
  132  9:46  Hydralisk x7, Baneling x3  
  132  9:49  Queen x2  
  149  9:55  Queen  
  149  9:59  Zerg Ground Armor Level 2  
  149  10:07  Hydralisk x2  
  149  10:08  Zergling x2  
  149  10:09  Zergling x8  
  149  10:12  Overlord x3  
  158  10:16  Overlord  
  158  10:25  Overseer  
  158  10:26  Overseer  
  158  10:40  Extractor  
  157  10:43  Extractor  
  145  10:56  Hatchery  
  131  10:57  Zergling x2  
  131  10:58  Zergling x58  
  145  11:11  Hydralisk  
  145  11:12  Hydralisk x8  
  145  11:18  Infestation Pit  
  161  11:37  Baneling x5  
  161  11:38  Baneling x5  
  160  11:41  Hydralisk  
  160  11:42  Hydralisk x6  
  174  11:54  Grooved Spines  
  174  12:07  Hydralisk, Baneling  
  174  12:08  Hydralisk x6  
  176  12:10  Overlord  
  176  12:13  Zerg Missile Weapons Level 2  
  188  12:21  Baneling x10  
  188  12:22  Baneling x3  
  178  12:44  Overlord x3  
  169  12:46  Hive  
  169  12:48  Zerg Melee Weapons Level 2  
  153  13:04  Hydralisk  
  153  13:05  Hydralisk x11, Muscular Augments  
  178  13:33  Spire  
  177  13:37  Hatchery  
  177  13:40  Zergling x18  
  183  13:45  Hatchery  
  183  13:48  Hydralisk x4  
  153  14:19  Hydralisk x4  
  153  14:20  Hydralisk x5  
  165  14:30  Hatchery  
  164  14:39  Hydralisk  
  164  14:40  Hydralisk x6  
  164  14:41  Zergling x4  
  180  14:49  Greater Spire  
  164  15:06  Viper x6  
  156  15:08  Hydralisk  
  156  15:09  Hydralisk  
  156  15:10  Hydralisk  
  162  15:19  Drone x5  
  162  15:20  Drone x4  
  171  15:30  Queen  
  171  15:32  Hydralisk, Queen  
  177  15:36  Corruptor  
  179  15:52  Drone x3  
  179  15:53  Drone x3  
  185  15:57  Hydralisk  
  185  15:58  Hydralisk x3  
  193  16:16  Extractor  
  192  16:19  Spore Crawler  
  192  16:25  Spore Crawler x2  
  185  16:27  Hydralisk  
  185  16:28  Hydralisk x8  
  195  16:33  Hydralisk  
  195  16:34  Hydralisk  
  191  17:01  Hydralisk x8  
  160  17:02  Hydralisk x5  
  169  17:33  Hydralisk x2  
  169  17:34  Hydralisk x12  
  194  17:44  Corruptor  
  194  17:50  Drone x2  
  194  17:51  Drone x2  
  200  17:52  Spore Crawler  
  200  17:54  Spore Crawler  
  200  17:55  Spore Crawler  
  200  17:57  Spore Crawler  
  196  17:59  Spore Crawler  
  191  18:27  Drone x5, Corruptor x2  
  192  18:29  Spore Crawler  
  192  18:30  Spore Crawler  
  192  18:32  Spore Crawler  
  192  18:33  Spore Crawler  
  196  18:35  Zerg Missile Weapons Level 3  
  196  18:36  Zerg Ground Armor Level 3  
  196  18:39  Corruptor x2  
  200  18:58  Spine Crawler  
  195  19:07  Spine Crawler  
  195  19:08  Spine Crawler  
  184  19:16  Spore Crawler  
  181  19:18  Spore Crawler  
  181  19:22  Drone x13  
  193  19:24  Spore Crawler  
  193  19:26  Spore Crawler  
  193  19:27  Spore Crawler x2  
  193  19:28  Hydralisk  
  193  19:29  Hydralisk x4  
  199  19:42  Hatchery  
  196  19:59  Viper  
  175  20:00  Viper x5  
  191  20:09  Brood Lord  
  191  20:10  Hydralisk  
  191  20:11  Zergling x12  
  191  20:12  Zergling x2  
  188  20:28  Hydralisk  
  188  20:29  Hydralisk x4  
  198  20:38  Extractor  
  198  20:40  Extractor  
  196  20:46  Brood Lord  
  196  20:48  Zergling x4  
  197  21:04  Hydralisk  
  172  21:20  Hydralisk x9  
  164  21:28  Hydralisk x2  
  164  21:29  Zergling x14  
  164  21:30  Zergling x20  
  165  21:36  Drone  
  165  21:37  Drone x6  
  170  21:59  Hydralisk  
  170  22:00  Hydralisk x8  
  188  22:04  Baneling x3  
  188  22:05  Baneling  
  188  22:17  Extractor  
  188  22:18  Extractor x2  
  188  22:19  Extractor  
  184  22:24  Hydralisk x2  
  184  22:25  Hydralisk x5  
  164  22:58  Hydralisk  
  164  22:59  Hydralisk x10  
  149  23:12  Viper  
  144  23:28  Viper  
  147  23:39  Corruptor x3  
  145  23:49  Hydralisk  
  145  23:50  Hydralisk x5  
  145  23:52  Zergling x2  
  145  23:53  Zergling x28  
  145  23:54  Zergling x4  
  172  24:22  Hydralisk  
  172  24:23  Hydralisk x13  
  144  24:25  Zergling x2  
  144  24:26  Zergling x16  
  135  24:46  Hydralisk x8  
  135  24:47  Hydralisk x2  
  148  24:59  Viper  
  127  25:01  Zergling x4  
  127  25:02  Zergling x24  
  125  25:16  Hydralisk  
  125  25:17  Hydralisk x6  
  125  25:19  Zergling x2  
  125  25:20  Zergling x6  
  139  25:22  Drone  
  140  25:41  Hydralisk  
  140  25:42  Hydralisk x4  
  150  25:52  Drone x6  
  156  26:01  Drone  
  156  26:02  Drone x4  
  160  26:18  Viper x3  
  160  26:20  Zergling x2  
  160  26:21  Zergling x8  
  105  26:40  Hydralisk  
  105  26:41  Hydralisk x5  
  113  26:50  Zergling x2  
  113  26:51  Zergling x16  
  122  26:54  Drone  
  122  26:55  Drone  
  122  26:57  Overseer  
  124  27:01  Baneling x3  
  124  27:02  Baneling  
  119  27:22  Hydralisk x9  
  104  27:26  Zergling x2  
  104  27:27  Zergling x4  
  110  27:40  Hydralisk  
  110  27:41  Hydralisk x3  
  118  27:47  Baneling  
  118  27:48  Baneling x2  
  118  27:49  Baneling  
  118  27:51  Zergling x2  
  118  27:52  Zergling x14  
  89  28:06  Hydralisk  
  89  28:07  Hydralisk x3  
  89  28:08  Zergling x8  
  89  28:09  Zergling x2  
  89  28:11  Zergling x2  
  76  28:32  Spine Crawler  
  61  28:35  Spine Crawler  
  61  28:37  Spine Crawler  
  55  28:43  Baneling  
  55  28:44  Baneling x9  
  55  28:45  Hydralisk  
Tags
 
Add a new tag
Caveats
  • Supply blocks, unpowered buildings, or Contaminate may cause inaccurate times.
  • Supply counts are checked every 10 seconds.